 Dungeon Crawl Stone Soup version 0.26.1-11-gd32895ea62 (webtiles) character file.

Game seed: 11457237814019297164

38 jagang the Bolt Thrower (level 3, 0/29 HPs)
             Began as a Demigod Hunter on May 21, 2021.
             Succumbed to an adder's poison
             ... on level 2 of the Dungeon.
             The game lasted 00:11:49 (1650 turns).

jagang the Bolt Thrower (Demigod Hunter)            Turns: 1650, Time: 00:11:49

Health: 0/29       AC:  3    Str: 17    XL:     3   Next: 10%
Magic:  5/5        EV: 12    Int: 15    God:
Gold:   83         SH:  0    Dex: 16    Spells: 2/2 levels left

rFire    . . .     SeeInvis .   b - +0 short sword
rCold    . . .     Faith    .   (no shield)
rNeg     . . .     Spirit   .   c - +0 leather armour
rPois    .         Reflect  .   (no helmet)
rElec    .         Harm     .   (no cloak)
rCorr    .         Rampage  .   (no gloves)
Will     .....                  (no boots)
Stlth    ++........             (no amulet)
HPRegen  0.09/turn              (no ring)
MPRegen  0.09/turn              (no ring)

@: lethally poisoned (0 -> -9), attractive, very slightly contaminated,
invisible
A: high mp 1
a: no special abilities


You were on level 2 of the Dungeon.
You visited 1 branch of the dungeon, and saw 2 of its levels.

You collected 83 gold pieces.

Inventory:

Hand Weapons
 a - a +1 hand crossbow
 b - a +0 short sword (weapon)
Missiles
 d - 45 bolts
Armour
 c - a +0 leather armour (worn)
 i - a +0 ring mail
Scrolls
 e - 3 scrolls of teleportation {unknown}
 g - 4 scrolls of identify {unknown}
Potions
 h - a potion of invisibility
 j - a potion of might {unknown}
 k - a potion of degeneration {unknown}


   Skills:
 + Level 2.0 Fighting
 * Level 4.0 Crossbows
 + Level 1.0 Armour
 + Level 2.1 Dodging
 + Level 1.2 Stealth


You had 2 spell levels left.
You didn't know any spells.
Your spell library was empty.

Dungeon Overview and Level Annotations

Branches:
Dungeon (2/15)


Innate Abilities, Weirdness & Mutations

You have an increased reservoir of magic. (+10% MP)


Message History

The adder bites you. The adder barely misses you.
You hit the adder.
The adder is heavily wounded.
You feel sick. The adder misses you.
You closely miss the adder.
The adder is heavily wounded.
* * * LOW HITPOINT WARNING * * *
You feel sick. The adder bites you.
* * * LOW HITPOINT WARNING * * *
You are more poisoned.
The adder poisons you! The adder barely misses you.
It was a potion of invisibility.
You fade into invisibility!
* * * LOW HITPOINT WARNING * * *
You feel sick. The adder bites you.
* * * LOW HITPOINT WARNING * * *
You are very lightly contaminated with residual magic.
It was a potion of attraction.
You feel attractive to monsters.
You die...

##.#######............
##.#######..........#
.....#.#.#.#.#.#...>#
##.##...........#.#.#
##.###.#.#.#.#.## # #
##.##...........#
.....#.#.#.#.#.##
....#...........#####.#
....##.#.#.#.#.#@S....#
#####.....>.....#######
.....#.#.#.#.#.##
#####............
##.#.#.#.#.###
#########......#
#.........####.#
#.#######†# #.# #.#


You could see an adder.

Vanquished Creatures
  2 dart slugs
  A leopard gecko (D:1)
  A ball python (D:2)
  3 giant cockroaches
  A goblin (D:1)
  3 hobgoblins (D:1)
  3 jackals (D:1)
  6 bats
  A frilled lizard (D:1)
  4 kobolds
  A quokka zombie (D:2)
  6 rats
32 creatures vanquished.

Notes
Turn   | Place    | Note
-------+----------+-------------------------------------------
     0 | D:1      | jagang the Demigod Hunter began the quest for the Orb.
     0 | D:1      | Reached XP level 1. HP: 17/17 MP: 3/3
   247 | D:1      | Reached skill level 1 in Stealth
   579 | D:1      | Reached XP level 2. HP: 24/24 MP: 4/4
  1285 | D:2      | Noticed a +0 hand axe
  1285 | D:2      | Noticed a +0 hand axe
  1312 | D:2      | Found a hide-covered altar of Uskayaw.
  1320 | D:2      | Reached skill level 4 in Crossbows
  1375 | D:2      | Reached skill level 1 in Armour
  1415 | D:2      | Reached XP level 3. HP: 27/29 MP: 5/5
  1649 | D:2      | HP: 1/29 [adder (1)]
  1650 | D:2      | Succumbed to an adder's poison

Illustrated notes

Levels and vault maps discovered:
D:1:      lemuel_arrival_tunnels, layout_basic, minmay_split_cup_large
D:2:      layout_basic, dancing_weapons_uskayaw, st_stairs_10

Skill      XL: |  1  2 |
---------------+-------+-----
Stealth        | 1 |  1.2
Dodging        | 2 |  2.1
Fighting       | 2 |  2.0
Crossbows      | 4 |  4.0
Armour         | 1 |  1.0

Action                   || total
-------------------------++-------
Melee: Short sword       ||    73
 Fire: Hand crossbow     ||    38
  Use: Potion            ||     2
 Stab: Sleeping          ||     2
Armor: Leather armour    ||    31
Dodge: Dodged            ||    50
